[Event "Team 45 45 League T39"]
[Site "Internet Chess Club"]
[Date "2008.11.30"]
[Round "6"]
[White "scottrugby"]
[Black "fredd"]
[Result "0-1"]
[WhiteElo "1434"]
[BlackElo "1468"]
[Opening "Scotch opening"]
[ECO "C44"]
[Time "21:05:22"]
[TimeControl "2700+45"]

1. e4 e5 2. Nf3 Nc6 3. d4 Bb4+ 4. c3 Bd6 5. d5 Nce7 6. a3 b6 7. Nbd2 Nf6 8. Bd3
c6 9. Nc4 Qc7 10. dxc6 Qxc6 11. Ncxe5 Bxe5 12. Nxe5 Qe6 13. f4 d5 14. Bb5+ Bd7
15. Bxd7+ Nxd7 16. Qa4 dxe4 17. Nxd7 Qxd7 18. Qxe4 O-O 19. O-O Rfe8 20. Be3 Nf5
21. Qf3 Nxe3 22. Rfe1 Nc2 23. Rxe8+ Rxe8 24. Rd1 Qb5 25. Qd3 Qxd3 26. Rxd3 Kf8
27. Rd7 Re7 28. Rd8+ Re8 29. Rd7 a5 30. Rb7 Re6 31. Rb8+ Ke7 32. Rb7+ Kf6 33.
Kf2 Ne3 34. Kf3 Nc4 35. b4 Re3+ 36. Kf2 Rxc3 37. Rc7 axb4 38. axb4 b5 39. Rc5
Nd6 40. Rd5 Ne4+ 41. Ke2 Rc4 42. Kd3 Rxb4 43. Re5 Nf2+ 44. Ke3 Ng4+ {White
resigns} 0-1

[Event "Team 45 45 League T39"]
[Site "Internet Chess Club"]
[Date "2008.11.26"]
[Round "6"]
[White "AtomicDog"]
[Black "LIVVI"]
[Result "0-1"]
[WhiteElo "1550"]
[BlackElo "1402"]
[Opening "Owen defense"]
[ECO "B00"]
[Time "11:38:40"]
[TimeControl "2700+45"]

1. e4 b6 2. d4 e6 3. Nf3 Bb7 4. Bd3 d5 5. e5 Nd7 6. O-O Ne7 7. Bg5 h6 8. Bh4 Qc8
9. Nc3 g5 10. Bg3 c6 11. h3 Ba6 12. a4 Bxd3 13. Qxd3 Nf5 14. Bh2 Bb4 15. g4 Ne7
16. Na2 c5 17. Nxb4 cxb4 18. b3 a5 19. Rfc1 Qc3 20. Ne1 Ng6 21. Qxc3 bxc3 22.
Ng2 h5 23. f4 hxg4 24. hxg4 gxf4 25. Nxf4 Nxf4 26. Bxf4 Rh4 27. Rf1 Rxg4+ 28.
Kh1 Ke7 29. Rae1 Rh8+ 30. Bh2 Rhh4 31. Rd1 Rxd4 32. Rxd4 Rxd4 33. Bf4 Re4 34.
Bg5+ Ke8 35. Rg1 Rxe5 36. Rg2 f6 37. Bh4 Kf7 38. Bg3 Rg5 39. Kg1 f5 40. Kf2 e5
41. Rh2 Nf6 42. Kg2 f4 {White resigns} 0-1

[Event "Team 45 45 League T39"]
[Site "Internet Chess Club"]
[Date "2008.11.30"]
[Round "6"]
[White "rd00d"]
[Black "conron"]
[Result "1-0"]
[WhiteElo "1336"]
[BlackElo "1359"]
[Opening "Four knights: Italian variation"]
[ECO "C55"]
[Time "21:01:19"]
[TimeControl "2700+45"]

1. e4 e5 2. Nf3 Nc6 3. Bc4 Nf6 4. Nc3 Bb4 5. O-O O-O 6. a3 Ba5 7. b4 Bb6 8. Re1
d6 9. Na4 Bg4 10. Nxb6 axb6 11. Bb2 Re8 12. c3 d5 13. exd5 Nxd5 14. Bd3 Nf6 15.
Qc2 e4 16. Bxe4 Rxe4 17. Rxe4 Nxe4 18. Qxe4 Bxf3 19. Qxf3 Qxd2 20. Rb1 Qc2 21.
Qd1 Qxd1+ 22. Rxd1 Re8 23. Kf1 Re5 24. c4 Re7 25. b5 f6 26. bxc6 bxc6 27. Re1
Rd7 28. Bc3 Kf7 29. Ke2 b5 30. cxb5 cxb5 31. Bb4 Rd5 32. Rd1 Re5+ 33. Kd3 Rd5+
34. Kc2 Rf5 35. Rd7+ Kg6 36. Rxc7 Rxf2+ 37. Kb3 Rxg2 38. Bf8 Kh6 39. Rb7 f5 40.
Rxb5 f4 41. Rb4 Kg5 42. Bxg7 f3 43. Rb5+ Kg4 44. Bd4 Rxh2 45. Be3 Rg2 46. Rg5+
Kh3 47. Rxg2 fxg2 48. a4 h5 49. a5 Kg3 50. a6 h4 51. a7 h3 52. a8=Q h2 53. Qb8+
Kh3 54. Qh8+ Kg3 55. Qe5+ Kh3 56. Qh5+ Kg3 57. Bf4+ Kxf4 58. Qxh2+ Kf3 59. Qg1
Kg3 60. Kc3 Kf3 61. Kd3 Kg3 62. Ke3 Kh3 63. Kf2 Kg4 64. Qxg2+ Kf5 65. Qd5+
{Black resigns} 1-0

[Event "Team 45 45 League T39"]
[Site "Internet Chess Club"]
[Date "2008.12.02"]
[Round "6"]
[White "rshea11"]
[Black "goldengel"]
[Result "0-1"]
[WhiteElo "1316"]
[BlackElo "1398"]
[Opening "QGD Slav: 3.Nf3"]
[ECO "D11"]
[Time "17:27:03"]
[TimeControl "2700+45"]

1. d4 d5 2. c4 c6 3. Nf3 Nf6 4. Qc2 a6 5. Bf4 Bg4 6. Ne5 e6 7. Nxg4 Nxg4 8. e3
Nd7 9. Nd2 Bb4 10. Be2 Ngf6 11. O-O O-O 12. a3 Ba5 13. cxd5 exd5 14. b4 Bc7 15.
Bg5 Re8 16. Bd3 Qb8 17. Bf5 Bxh2+ 18. Kh1 Bd6 19. Bxd7 Nxd7 20. e4 dxe4 21. Nxe4
Bf4 22. g3 Bxg5 23. Nxg5 Nf6 24. Kg2 Qd6 25. Rae1 Qxd4 26. Rd1 Qe5 27. f4 Qe2+
28. Rf2 Qxc2 29. Rxc2 Nd5 30. Kf3 Ne3 31. Rh1 Nxc2 32. Rxh7 f6 {White resigns}
0-1

[Event "Team 45 45 League T39"]
[Site "Internet Chess Club"]
[Date "2008.11.30"]
[Round "6"]
[White "vaknight"]
[Black "Just-Jim"]
[Result "1-0"]
[WhiteElo "1628"]
[BlackElo "1302"]
[Opening "Bird's opening"]
[ECO "A03"]
[Time "14:52:22"]
[TimeControl "2700+45"]

1. f4 d5 2. Nf3 h6 3. b3 Bf5 4. Bb2 Nc6 5. e3 f6 6. Bb5 Bd7 7. Nd4 g6 8. Nxc6
bxc6 9. Bd3 Kf7 10. Nc3 Bg7 11. Qf3 f5 12. O-O-O Nf6 13. Na4 e6 14. h3 Qe7 15.
g4 c5 16. Nc3 Qd6 17. gxf5 exf5 18. Qg2 Bc6 19. Rhg1 Nh5 20. Be2 d4 21. Nb5 Bxg2
22. Nxd6+ cxd6 23. Rxg2 Rab8 24. Bc4+ Kf8 25. Rxg6 Nf6 26. exd4 d5 27. Bd3 Kf7
28. Bxf5 cxd4 29. Bxd4 Rb4 30. c3 Rb7 31. Rdg1 Rg8 32. Bxf6 Bxf6 33. Rxg8 Bg5
34. fxg5 Kxg8 35. gxh6+ Kh8 36. h7 {Black resigns} 1-0

[Event "Team 45 45 League T39"]
[Site "Internet Chess Club"]
[Date "2008.11.30"]
[Round "6"]
[White "forsyth"]
[Black "SeniorCitizen"]
[Result "1-0"]
[WhiteElo "1447"]
[BlackElo "1386"]
[Opening "Sicilian: Alapin's variation (2.c3)"]
[ECO "B22"]
[Time "14:00:40"]
[TimeControl "2700+45"]

1. e4 c5 2. c3 Nc6 3. d4 cxd4 4. cxd4 d5 5. e5 e6 6. Qg4 g6 7. Nf3 Be7 8. Be2
Nb4 9. Na3 a6 10. O-O Bd7 11. Bg5 h6 12. Bxe7 Qxe7 13. Rfc1 Nc6 14. Qg3 h5 15.
h4 Nh6 16. Nc2 Nf5 17. Qf4 f6 18. Ne3 O-O 19. Nxf5 exf5 20. Rc5 Be6 21. Rac1
Rac8 22. Bd1 Qe8 23. Bb3 Qf7 24. Ba4 fxe5 25. Nxe5 Nxe5 26. Qxe5 Rxc5 27. Rxc5
b5 28. Bb3 Re8 29. Rc7 Qf8 30. Bxd5 Bxd5 31. Qxd5+ Kh8 32. Qd7 Qg8 33. Qd6 Qe6
34. Rc6 Qe1+ 35. Kh2 Qxf2 36. Qf6+ Kh7 37. Rc7+ {Black resigns} 1-0

[Event "Team 45 45 League T39"]
[Site "Internet Chess Club"]
[Date "2008.11.30"]
[Round "6"]
[White "gaboonzoom"]
[Black "Conjurer"]
[Result "1-0"]
[WhiteElo "1485"]
[BlackElo "1319"]
[Opening "Sicilian: closed"]
[ECO "B23"]
[Time "11:00:28"]
[TimeControl "2700+45"]

1. e4 c5 2. Nc3 d6 3. f4 Nf6 4. Bc4 e6 5. Nf3 g6 6. O-O Bg7 7. d3 a6 8. a4 O-O
9. Qe1 Nc6 10. Qh4 Nb4 11. Bb3 Bd7 12. Ng5 h5 13. Rf3 b5 14. a5 Rc8 15. h3 c4
16. dxc4 bxc4 17. Ba4 Bxa4 18. Rxa4 Nxc2 19. g4 Nd4 20. Rg3 Rc5 21. f5 exf5 22.
exf5 Rxa5 23. fxg6 fxg6 24. Rb4 Ra1 25. Na2 Ne2+ 26. Kh2 Nxg3 27. Kxg3 Rxa2 28.
Rb7 d5 29. Rxg7+ Kxg7 30. Ne6+ Kh7 31. Nxd8 Rxd8 32. Qxf6 Rg8 33. Qg5 Kg7 34.
gxh5 Kf7 35. Qxd5+ Kg7 36. h6+ Kh8 37. Qf7 Ra1 38. Bg5 Rg1+ 39. Kh4 Rxg5 40.
Kxg5 a5 41. Qxc4 Kh7 42. Qc7+ Kh8 43. Qxa5 Kh7 44. Qc7+ Kh8 45. b4 {Black
resigns} 1-0

[Event "Team 45 45 League T39"]
[Site "Internet Chess Club"]
[Date "2008.12.01"]
[Round "6"]
[White "Traho"]
[Black "chips"]
[Result "1-0"]
[WhiteElo "1259"]
[BlackElo "1238"]
[Opening "Queen's pawn game"]
[ECO "D02"]
[Time "16:02:56"]
[TimeControl "2700+45"]

1. Nf3 d5 2. d4 c6 3. g3 Nf6 4. Bg2 Bg4 5. O-O e6 6. Nbd2 Bb4 7. c3 Be7 8. Ne5
O-O 9. Nxg4 Nxg4 10. h3 Nf6 11. e4 Na6 12. e5 Nd7 13. f4 f5 14. b4 b5 15. Nb3
Nb6 16. Na5 Qc7 17. Bb2 Nc4 18. Nxc4 bxc4 19. a4 Nb8 20. Ba3 a5 21. g4 axb4 22.
cxb4 Nd7 23. a5 Ra7 24. Bf3 Qb7 25. Rb1 Qb8 26. gxf5 Rxf5 27. Bg4 Rf8 28. Bxe6+
Kh8 29. Bxd7 Rxd7 30. Qg4 Rb7 31. Rf2 Bxb4 32. Rfb2 Qa7 33. Bxb4 Qxd4+ 34. Kh2
Qxf4+ 35. Qxf4 Rxf4 36. Bd6 Rxb2+ 37. Rxb2 Kg8 38. a6 c3 39. Rc2 Ra4 40. Rxc3
Rxa6 41. e6 Ra2+ 42. Kg3 Re2 43. e7 Kf7 44. Rxc6 d4 45. Kf3 Re6 46. Rc8 d3 47.
Rf8+ Kg6 48. e8=Q+ Rxe8 49. Rxe8 Kf7 50. Re1 d2 51. Rd1 {Black resigns} 1-0

[Event "Team 45 45 League T39"]
[Site "Internet Chess Club"]
[Date "2008.11.30"]
[Round "6"]
[White "SCUGrad"]
[Black "MateIn42"]
[Result "1-0"]
[WhiteElo "1422"]
[BlackElo "1368"]
[Opening "French: Winawer, advance variation"]
[ECO "C16"]
[Time "09:02:53"]
[TimeControl "2700+45"]

1. e4 e6 2. d4 d5 3. Nc3 Bb4 4. e5 Bxc3+ 5. bxc3 b6 6. Nf3 Ba6 7. Bxa6 Nxa6 8.
O-O Ne7 9. Qd3 Nb8 10. Ne1 h5 11. f4 Nf5 12. Nf3 Nc6 13. Ba3 Na5 14. Nd2 Rc8 15.
Bb4 Nb7 16. Qa6 Rb8 17. Qxa7 c5 18. dxc5 Qc8 19. Qa4+ Kd8 20. cxb6 Ne3 21. Rfc1
Ra8 22. Qb5 Qd7 23. Qxd7+ Kxd7 24. a4 Na5 25. Nb3 Rhb8 26. Nxa5 Rxb6 27. Nb3 Kc8
28. Bc5 Rxb3 29. cxb3 Nf5 30. b4 Kb7 31. b5 Ra5 32. Bb4 Ra7 33. a5 Ne3 34. Bc5
{Black resigns} 1-0

[Event "Team 45 45 League T39"]
[Site "Internet Chess Club"]
[Date "2008.11.29"]
[Round "6"]
[White "Fogbound"]
[Black "havertown"]
[Result "0-1"]
[WhiteElo "1230"]
[BlackElo "1392"]
[Opening "Queen's pawn, Mason variation"]
[ECO "D00"]
[Time "08:48:37"]
[TimeControl "2700+45"]

1. d4 d5 2. Bf4 Nc6 3. Nf3 e6 4. e3 Nf6 5. c3 Bd6 6. Bg5 O-O 7. Bd3 h6 8. Bh4 e5
9. Bc2 exd4 10. O-O dxc3 11. Qd3 g6 12. Qxc3 Kg7 13. a3 Re8 14. Rd1 Be5 15. Qb3
Be6 16. Qb5 Rb8 17. Nc3 a6 18. Qf1 Qd6 19. Bxf6+ Bxf6 20. Ne4 Qe7 21. Ng3 Bxb2
22. Rab1 Qxa3 23. Qd3 f5 24. Nxf5+ Bxf5 25. Qxd5 Bxc2 26. Qd7+ Re7 27. Qd5 Bxb1
28. Rxb1 Rd8 29. Qc4 Ne5 30. Qc2 Nxf3+ 31. gxf3 Bf6 32. Rb3 Qd6 33. Kg2 Red7 34.
Qe4 Qe5 35. Qxb7 Qg5+ 36. Kf1 Rd1+ {White resigns} 0-1

[Event "Team 45 45 League T39"]
[Site "Internet Chess Club"]
[Date "2008.11.29"]
[Round "6"]
[White "Esslinger"]
[Black "fuzzface"]
[Result "0-1"]
[WhiteElo "1224"]
[BlackElo "1326"]
[Opening "QGD Slav: 4.Nc3"]
[ECO "D15"]
[Time "11:01:01"]
[TimeControl "2700+45"]

1. d4 d5 2. c4 c6 3. Nc3 Nf6 4. Nf3 Bg4 5. e3 e6 6. Be2 Bb4 7. a3 Bxc3+ 8. bxc3
O-O 9. O-O Nbd7 10. Rb1 b6 11. a4 Ne4 12. Rb3 Bxf3 13. Bxf3 dxc4 14. Ra3 f5 15.
Bxe4 fxe4 16. Qg4 Qe8 17. Qxe4 Nf6 18. Qc2 b5 19. axb5 cxb5 20. Ra5 a6 21. Ba3
Rf7 22. Bb4 Qc6 23. Rfa1 Ne4 24. f3 Ng5 25. h4 Nxf3+ 26. gxf3 Qxf3 27. Qg2 Qxe3+
28. Kh1 Rf3 29. Rxa6 Rh3+ 30. Qxh3 Qxh3+ 31. Kg1 Qg3+ 32. Kh1 Qf3+ 33. Kg1 Qg4+
34. Kh1 Qxh4+ 35. Kg1 Qg5+ 36. Kh1 Qd5+ 37. Kg1 Rf8 38. Bxf8 Kxf8 39. Ra7 Qg5+
40. Kh1 Qh4+ 41. Kg1 Qg3+ 42. Kh1 Qf3+ 43. Kg1 Qg4+ 44. Kh1 Qh5+ 45. Kg1 Qg5+
46. Kh1 Qh6+ 47. Kg1 Qg6+ 48. Kh1 Qh5+ 49. Kg1 g5 50. Rb7 Qg4+ 51. Kh2 Qe2+ 52.
Kg1 Qe3+ 53. Kh2 Qf4+ 54. Kg1 Qg3+ 55. Kf1 Qf3+ 56. Ke1 Qxb7 {White resigns} 0-1

[Event "Team 45 45 League T39"]
[Site "Internet Chess Club"]
[Date "2008.11.30"]
[Round "6"]
[White "alaskauk"]
[Black "ErycC"]
[Result "0-1"]
[WhiteElo "1507"]
[BlackElo "1535"]
[Opening "French: Rubinstein variation"]
[ECO "C10"]
[Time "16:02:42"]
[TimeControl "2700+45"]

1. e4 e6 2. d4 d5 3. Nc3 dxe4 4. Nxe4 Nd7 5. Nf3 Ngf6 6. Bd3 Nxe4 7. Bxe4 Nf6 8.
Bg5 Be7 9. Bxf6 Bxf6 10. c3 Bd7 11. O-O O-O 12. Qc2 h6 13. Bxb7 Rb8 14. Be4 Qe8
15. Rfe1 Rb6 16. d5 Qb8 17. Rab1 exd5 18. Bxd5 Rb5 19. Bc4 Bf5 20. Qe2 Bxb1 21.
Bxb5 Bxa2 22. Bd3 Bd5 23. Be4 Bxe4 24. Qxe4 Qxb2 25. c4 Qb4 26. g3 a5 27. Rb1
Qc5 28. Qc2 Qa7 29. Qa4 Bc3 30. Qb3 Bb4 31. Qa4 c5 32. Ne5 Qc7 33. Nd3 Rd8 34.
Nxb4 axb4 35. Qb3 Rd4 36. Rc1 Qa5 37. Rb1 Qa3 38. Qc2 Qd3 39. Qa2 Qxc4 40. Qa8+
Kh7 41. Qf3 Qd5 42. Qe2 Qe4 43. Qa2 Qd5 44. Qc2+ g6 45. Qe2 Qe4 46. Qa2 Qd5 47.
Qe2 b3 48. Qb2 c4 49. Rc1 Rd1+ 50. Rxd1 Qxd1+ 51. Kg2 Qc2 52. Qf6 Qe4+ 53. Kg1
Qe6 54. Qc3 Kg8 55. Qb4 Qc8 56. Qc3 Qc5 57. h4 h5 58. Kg2 Qb5 59. Qb2 Qb4 60.
Qe2 Qb7+ 61. f3 Qc8 62. Qe5 c3 63. g4 c2 64. gxh5 c1=Q 65. hxg6 Q1c2+ 66. Kg3
Qxg6+ {White resigns} 0-1

[Event "Team 45 45 League T39"]
[Site "Internet Chess Club"]
[Date "2008.11.29"]
[Round "6"]
[White "EyeAm"]
[Black "medsurg"]
[Result "0-1"]
[WhiteElo "1458"]
[BlackElo "1440"]
[Opening "Petrov three knights game"]
[ECO "C42"]
[Time "18:00:13"]
[TimeControl "2700+45"]

1. e4 e5 2. Nf3 Nf6 3. Nc3 Bc5 4. Bc4 Qe7 5. O-O O-O 6. d3 c6 7. Na4 d5 8. Nxc5
Qxc5 9. exd5 cxd5 10. Bb3 Nc6 11. Nxe5 Nxe5 12. d4 Qd6 13. dxe5 Qxe5 14. Re1 Qf5
15. Qd4 Bd7 16. Re5 Rfe8 17. Rxe8+ Rxe8 18. Be3 a6 19. Rd1 Bc6 20. h3 h6 21. g4
Qf3 22. Kh2 Re4 23. Qd2 Nxg4+ 24. hxg4 Qxg4 25. Rg1 Qh4+ 26. Kg2 Rg4+ 27. Kf1
Qh3+ 28. Ke2 Rxg1 29. Bxd5 Qf1+ 30. Kf3 Bxd5+ 31. Qxd5 Qg2+ {White resigns} 0-1

[Event "Team 45 45 League T39"]
[Site "Internet Chess Club"]
[Date "2008.11.28"]
[Round "6"]
[White "malihini"]
[Black "guyd52"]
[Result "1-0"]
[WhiteElo "1272"]
[BlackElo "1284"]
[Opening "Pirc: classical (two knights) system"]
[ECO "B08"]
[Time "20:02:07"]
[TimeControl "2700+45"]

1. e4 d6 2. d4 Nf6 3. Nc3 g6 4. Nf3 Bg7 5. Bf4 O-O 6. Qd2 Nbd7 7. Bh6 e5 8. Bc4
exd4 9. Nxd4 Ne5 10. Bb3 Re8 11. Bxg7 Kxg7 12. O-O-O b6 13. h3 Bb7 14. f3 Nc6
15. a3 Na5 16. Ba2 Ba6 17. g4 Bb7 18. h4 d5 19. exd5 Nxd5 20. Nf5+ gxf5 21. Nxd5
fxg4 22. Qd4+ f6 23. Qxg4+ Kh8 24. Rhg1 Qe7 25. Nxe7 {Black resigns} 1-0

[Event "Team 45 45 League T39"]
[Site "Internet Chess Club"]
[Date "2008.11.30"]
[Round "6"]
[White "wekabird"]
[Black "leomalagar"]
[Result "0-1"]
[WhiteElo "1238"]
[BlackElo "1517"]
[Opening "English: four knights, Nimzovich variation"]
[ECO "A25"]
[Time "00:15:14"]
[TimeControl "2700+45"]

1. c4 e5 2. Nc3 Nc6 3. e4 Nf6 4. Nf3 Bd6 5. h3 a6 6. g3 O-O 7. Bg2 b5 8. b3 b4
9. Na4 Nxe4 10. d3 Nc3 11. Nxc3 bxc3 12. Qc2 Bb7 13. O-O Nd4 14. Nxd4 Bxg2 15.
Kxg2 exd4 16. a4 Re8 17. Ba3 Bxa3 18. Rxa3 Re6 19. Raa1 Qe7 20. Rad1 Re2 21. Qc1
Re8 22. b4 Qxb4 23. Rfe1 Qb7+ 24. Kh2 Rxf2+ {White resigns} 0-1

[Event "Team 45 45 League T39"]
[Site "Internet Chess Club"]
[Date "2008.11.30"]
[Round "6"]
[White "malihini"]
[Black "arconia"]
[Result "0-1"]
[WhiteElo "1257"]
[BlackElo "1308"]
[Opening "Sicilian: Alapin's variation (2.c3)"]
[ECO "B22"]
[Time "19:00:21"]
[TimeControl "2700+45"]

1. e4 c5 2. c3 Nc6 3. d4 cxd4 4. cxd4 e6 5. Nf3 d6 6. Nc3 Be7 7. Bb5 Nf6 8. d5
exd5 9. exd5 a6 10. Ba4 b5 11. Nxb5 axb5 12. Bxb5 Qa5+ 13. Qd2 Qxb5 14. dxc6 d5
15. Qc2 Ra4 16. b3 Re4+ 17. Be3 Ba3 18. Nd4 Bb4+ 19. Kd1 Qa6 20. a3 Ng4 21. Qe2
Nxf2+ 22. Qxf2 Qd3+ 23. Bd2 Bg4+ 24. Kc1 Bc3 25. Nf5 Bxf5 26. Qxf5 Qxd2+ {White
resigns} 0-1

[Event "Team 45 45 League T39"]
[Site "Internet Chess Club"]
[Date "2008.11.28"]
[Round "6"]
[White "kidcobra"]
[Black "guyd52"]
[Result "1-0"]
[WhiteElo "1269"]
[BlackElo "1302"]
[Opening "Pirc: classical (two knights) system"]
[ECO "B08"]
[Time "08:56:49"]
[TimeControl "2700+45"]

1. e4 d6 2. Nf3 Nf6 3. Nc3 g6 4. d4 Bg7 5. Bc4 O-O 6. Bg5 Nbd7 7. Qd2 e6 8. O-O
Nb6 9. Bb3 Qd7 10. Bh6 Re8 11. Bxg7 Kxg7 12. e5 dxe5 13. Nxe5 Qd8 14. Rad1 Nbd5
15. Nxd5 exd5 16. Rfe1 c6 17. c4 dxc4 18. Bxc4 Nd5 19. h3 f6 20. Ng4 Bxg4 21.
hxg4 Qd7 22. g5 Qd6 23. Re2 Rxe2 24. Bxe2 Qf4 25. Qxf4 Nxf4 26. gxf6+ Kxf6 27.
Kf1 Re8 28. Bf3 h5 29. g3 Nh3 30. d5 Ng5 31. Bg2 c5 32. d6 b6 33. d7 Rd8 34. Bc6
Nf7 35. Re1 Ne5 36. Bb5 Nxd7 37. Rd1 Ke7 38. Re1+ Kd6 39. Rd1+ Kc7 40. Re1 Nf8
41. Re7+ Kb8 42. Ba6 Nd7 43. Bb5 Kc8 44. Ke2 g5 45. Kf3 Rf8+ 46. Kg2 Rd8 47. f4
gxf4 48. gxf4 Rg8+ 49. Kh3 Nf6 50. Rxa7 Rg4 51. Rf7 Rxf4 52. Kg3 Ne4+ 53. Kxf4
Nd6 54. Rf8+ Kc7 55. Be2 h4 56. Kg4 {Black resigns} 1-0

[Event "Team 45 45 League T39"]
[Site "Internet Chess Club"]
[Date "2008.11.29"]
[Round "6"]
[White "CoasterBrake"]
[Black "Duck-Man"]
[Result "1/2-1/2"]
[WhiteElo "1245"]
[BlackElo "1234"]
[Opening "French: Marshall variation"]
[ECO "C10"]
[Time "14:16:55"]
[TimeControl "2700+45"]

1. e4 e6 2. d4 d5 3. Nc3 c5 4. exd5 exd5 5. Nf3 Nf6 6. Bg5 Be7 7. dxc5 Be6 8.
Bd3 Bxc5 9. Bb5+ Nc6 10. Ne5 Bd7 11. Nxd7 Qxd7 12. Bxf6 gxf6 13. Nxd5 O-O-O 14.
Ne3 Rhe8 15. Qxd7+ Rxd7 16. Bxc6 bxc6 17. O-O Bxe3 18. fxe3 Rxe3 19. Rxf6 Rd2
20. Rf2 Ree2 21. Rxe2 Rxe2 22. Rc1 Kd7 23. Rf1 Ke6 24. Rf2 Re1+ 25. Rf1 Re2 26.
h3 Rxc2 27. Rf2 Rc1+ 28. Kh2 f5 29. Re2+ Kd5 30. g4 f4 31. Re7 Rc2+ 32. Kg1 f3
33. Rf7 Ke4 34. Rxh7 f2+ 35. Kf1 Kf3 36. Rf7+ Kg3 37. g5 Rc1+ 38. Ke2 Rc2+ 39.
Kf1 Rc1+ 40. Ke2 Rc2+ 41. Kf1 Rc1+ 42. Ke2 {Game drawn by repetition} 1/2-1/2

[Event "Team 45 45 League T39"]
[Site "Internet Chess Club"]
[Date "2008.12.01"]
[Round "6"]
[White "bowwrestler"]
[Black "dornoch"]
[Result "1/2-1/2"]
[WhiteElo "986"]
[BlackElo "1035"]
[Opening "Caro-Kann: anti-Caro-Kann defense"]
[ECO "B10"]
[Time "12:00:12"]
[TimeControl "2700+45"]

1. e4 c6 2. c4 e6 3. Nc3 d5 4. exd5 exd5 5. cxd5 cxd5 6. Nf3 Bg4 7. Be2 Nf6 8.
d4 Bb4 9. Bg5 O-O 10. a3 Bxc3+ 11. bxc3 Re8 12. O-O Qa5 13. Bxf6 gxf6 14. Qc2
Nc6 15. Rfe1 Bxf3 16. Bxf3 Nxd4 17. Qb2 Nxf3+ 18. gxf3 d4 19. Rxe8+ Rxe8 20.
cxd4 Re1+ 21. Rxe1 Qxe1+ 22. Kg2 Qe7 23. d5 b6 24. a4 Qe5 25. Qb5 {Game drawn by
mutual agreement} 1/2-1/2

[Event "Team 45 45 League T39"]
[Site "Internet Chess Club"]
[Date "2008.11.29"]
[Round "6"]
[White "KingOfHearts"]
[Black "DaMelch"]
[Result "0-1"]
[WhiteElo "1278"]
[BlackElo "1225"]
[Opening "French: advance, Steinitz variation"]
[ECO "C02"]
[Time "16:00:14"]
[TimeControl "2700+45"]

1. e4 e6 2. d4 d5 3. e5 c5 4. dxc5 Bxc5 5. Nf3 Nc6 6. Bb5 Ne7 7. Bg5 O-O 8. Nc3
a6 9. Be2 Qc7 10. Na4 Ba7 11. Qd2 Nf5 12. g4 Nh6 13. Bxh6 gxh6 14. Qxh6 Nxe5 15.
Ng5 f6 16. Nh3 Qa5+ 17. Nc3 d4 18. g5 dxc3 19. b3 fxg5 20. Rg1 Ng6 21. Rxg5 Qc7
22. Bd3 Bxf2+ 23. Nxf2 Qf7 24. Rg2 Qf4 25. Nh3 Qe3+ 26. Re2 Qxh6 {White resigns}
0-1

[Event "Team 45 45 League T39"]
[Site "Internet Chess Club"]
[Date "2008.11.29"]
[Round "6"]
[White "blkmagic"]
[Black "The-Capitalist"]
[Result "0-1"]
[WhiteElo "1231"]
[BlackElo "1207"]
[Opening "Giuoco Pianissimo"]
[ECO "C24"]
[Time "11:03:16"]
[TimeControl "2700+45"]

1. e4 e5 2. Bc4 Nf6 3. d3 Nc6 4. Nf3 Bc5 5. O-O O-O 6. Bg5 h6 7. Bxf6 Qxf6 8.
Nc3 Nd4 9. Nd5 Nxf3+ 10. Qxf3 Qxf3 11. gxf3 Bd6 12. Rad1 c6 13. Ne3 b5 14. Bb3
Bc5 15. a4 d6 16. Rfe1 Be6 17. Bxe6 fxe6 18. axb5 cxb5 19. Kg2 Rf7 20. c4 b4 21.
h4 Raf8 22. Ra1 Rxf3 23. Rf1 R8f4 24. b3 Bxe3 25. fxe3 Rxe3 26. Rfd1 Rxh4 27.
Rxa7 Reh3 28. Raa1 Rh2+ 29. Kg1 R4h3 30. d4 Rb2 31. dxe5 Rg3+ 32. Kf1 dxe5 33.
Ra6 Rgxb3 34. Rxe6 Rf3+ 35. Kg1 Rg3+ 36. Kh1 Rc2 37. Rxe5 Rxc4 38. Rg1 Rh3+ 39.
Kg2 Re3 40. Kf2 Rexe4 41. Rxe4 Rxe4 42. Ra1 b3 43. Ra8+ Kh7 44. Rb8 Rf4+ 45. Kg3
Re4 46. Rxb3 g5 47. Rb7+ Kg6 48. Rb6+ Kh5 49. Kf3 Rh4 50. Rb5 Rc4 51. Rb2 g4+
52. Kg3 Rc3+ 53. Kg2 Kh4 54. Re2 h5 {White resigns} 0-1

[Event "Team 45 45 League T39"]
[Site "Internet Chess Club"]
[Date "2008.11.30"]
[Round "6"]
[White "fuzzface"]
[Black "JimGaming"]
[Result "1-0"]
[WhiteElo "1340"]
[BlackElo "1274"]
[Opening "Caro-Kann defense"]
[ECO "B11"]
[Time "14:00:43"]
[TimeControl "2700+45"]

1. e4 c6 2. Nc3 e5 3. Nf3 d6 4. h3 g6 5. Bc4 Bg7 6. O-O Ne7 7. d3 O-O 8. Bg5 Be6
9. Bxe6 fxe6 10. Qd2 b5 11. Bh6 a5 12. Bxg7 Kxg7 13. Ng5 Rf6 14. f4 h6 15. fxe5
hxg5 16. Rxf6 Kh6 17. h4 d5 18. Qxg5+ Kg7 19. Rxg6+ Nxg6 20. Qxd8 Nxe5 21. Qg5+
Ng6 22. h5 Nd7 23. Qxg6+ Kf8 24. Rf1+ Ke7 25. Qg7+ Kd6 26. e5+ Nxe5 27. d4 Nd7
28. Rf7 Rd8 29. Qg3+ e5 30. Qg6+ Kc7 31. dxe5 Kb6 32. Nxd5+ Kc5 33. Qd6+ Kc4 34.
Rf4# {Black checkmated} 1-0

[Event "Team 45 45 League T39"]
[Site "Internet Chess Club"]
[Date "2008.11.29"]
[Round "6"]
[White "Gomer"]
[Black "ffplayer"]
[Result "0-1"]
[WhiteElo "1127"]
[BlackElo "1097"]
[Opening "Petrov three knights game"]
[ECO "C42"]
[Time "23:02:17"]
[TimeControl "2700+45"]

1. e4 e5 2. Nf3 Nf6 3. Nc3 Bb4 4. Bd3 d6 5. O-O O-O 6. a3 Ba5 7. b4 Bb6 8. Nd5
Nbd7 9. Nxb6 axb6 10. Bb2 Nb8 11. Qe2 Bg4 12. Qe3 Nbd7 13. Bc4 Bh5 14. d4 Re8
15. dxe5 dxe5 16. Rad1 c6 17. Bxe5 Bxf3 18. Qxf3 Rxe5 19. Rfe1 b5 20. Bb3 Rxa3
21. Re3 Qe7 22. Red3 Ra8 23. Rd4 Rd8 24. Ba2 Nxe4 25. Qg4 Nef6 26. Qh3 Re1+
{White resigns} 0-1

[Event "Team 45 45 League T39"]
[Site "Internet Chess Club"]
[Date "2008.12.01"]
[Round "6"]
[White "klt713"]
[Black "jeffk"]
[Result "0-1"]
[WhiteElo "1086"]
[BlackElo "1157"]
[Opening "Pirc: classical (two knights) system"]
[ECO "B08"]
[Time "19:01:01"]
[TimeControl "2700+45"]

1. d4 d6 2. e4 Nf6 3. Nc3 g6 4. Nf3 Bg7 5. Bc4 O-O 6. h3 c5 7. Be3 Nc6 8. dxc5
dxc5 9. Bxc5 b6 10. Ba3 Bb7 11. Ng5 Qe8 12. O-O Rd8 13. Qe2 Nd4 14. Bxf7+ Qxf7
15. Nxf7 Nxe2+ 16. Nxe2 Rxf7 17. Nc3 Nxe4 18. Nxe4 Bxe4 19. c3 e6 20. Rae1 Bd3
21. Rd1 Bf8 22. Rfe1 Bxa3 23. bxa3 Rfd7 24. f3 Bf5 25. Rxd7 Rxd7 26. g4 Bc2 27.
Rxe6 Rd1+ 28. Kh2 Rd2+ 29. Kg3 Ba4 30. Re3 Rxa2 31. c4 Rc2 32. Re4 Bc6 33. Rf4
Rc3 34. a4 Bxa4 35. c5 Bc2 36. cxb6 axb6 37. Rb4 Rb3 38. Rxb3 Bxb3 39. Kf4 b5
40. Ke3 b4 41. Kd2 Bc4 42. Kc1 b3 43. Kb2 Kg7 44. f4 Kf6 45. g5+ Kf5 46. h4 Kxf4
47. h5 gxh5 48. g6 hxg6 {White resigns} 0-1

[Event "Team 45 45 League T39"]
[Site "Internet Chess Club"]
[Date "2008.11.28"]
[Round "6"]
[White "rpgrossman"]
[Black "QUEENCAT"]
[Result "1-0"]
[WhiteElo "1048"]
[BlackElo "924"]
[Opening "Réti: King's Indian attack (Barcza system)"]
[ECO "A07"]
[Time "12:00:26"]
[TimeControl "2700+45"]

1. Nf3 d5 2. g3 Nf6 3. Bg2 e6 4. O-O Bd6 5. d4 O-O 6. Nc3 Nc6 7. Nb5 a6 8. Nxd6
Qxd6 9. Bf4 Qd8 10. Bg5 h6 11. Bxf6 Qxf6 12. Qd2 Qd8 13. b3 Na7 14. c4 Bd7 15.
Ne5 Be8 16. Qb4 Nc6 17. Qxb7 Nxe5 18. dxe5 dxc4 19. Qxa8 Qxa8 20. Bxa8 cxb3 21.
axb3 Bb5 22. Bf3 f5 23. exf6 Rxf6 24. Bb7 Bxe2 25. Rfc1 Kf7 26. Rxc7+ Kg6 27.
Bxa6 Bf3 28. Bd3+ Kg5 29. Rxg7+ Kh5 30. h3 Rf8 31. Ra4 Rd8 32. Rh4# {Black
checkmated} 1-0